 Dungeon Crawl Stone Soup version 0.26-b1-32-g5d43845318 (webtiles) character file.

Game seed: 5957088119171918937

955 HoaS the Grappler (level 8, 0/61 HPs)
             Began as a Ghoul Gladiator on Jan 8, 2021.
             Was an Initiate of Makhleb.
             Slain by a howler monkey (4 damage)
             ... on level 6 of the Dungeon.
             The game lasted 00:08:42 (3694 turns).

HoaS the Grappler (Ghoul Gladiator)                 Turns: 3694, Time: 00:08:43

Health: 0/61       AC:  9    Str: 19    XL:     8   Next: 14%
Magic:  7/7        EV: 12    Int:  3    God:    Makhleb [......]
Gold:   251        SH:  5    Dex: 11    Spells: 7/7 levels left

rFire    . . .     SeeInvis .     - Unarmed
rCold    + . .     Faith    .   (no shield)
rNeg     + + +     Spirit   .   h - +0 leather armour (curse)
rPois    ∞         Reflect  +   w - +1 helmet
rElec    .         Harm     .   (no cloak)
rCorr    +         Rampage  .   (no gloves)
Will     .....                  (no boots)
Stlth    +.........             l - amulet of reflection
HPRegen  0.00/turn              a - ring of resist corrosion
MPRegen  0.10/turn              k - +4 ring of protection

@: about to teleport
A: claws 1, cold resistance 1, negative energy resistance 3, inhibited
regeneration, torment resistance, unbreathing
a: Renounce Religion


You were on level 6 of the Dungeon.
You worshipped Makhleb.
Makhleb was noncommittal.
You visited 2 branches of the dungeon, and saw 7 of its levels.

You collected 251 gold pieces.

Inventory:

Missiles
 c - 3 throwing nets (quivered)
 u - 7 boomerangs
Armour
 h - a cursed +0 leather armour (worn)
 m - a +0 plate armour
 w - a +1 helmet (worn)
Jewellery
 a - a ring of resist corrosion (left claw)
 j - an uncursed ring of protection from cold
 k - a +4 ring of protection (right claw)
 l - an amulet of reflection (around neck)
 p - an uncursed ring of flight
Wands
 t - a wand of disintegration (6)
Scrolls
 e - 6 scrolls of teleportation
 q - 2 scrolls of blinking
Potions
 d - a potion of ambrosia {unknown}
 f - 3 potions of might
 g - 4 potions of flight
 i - 2 potions of curing
 n - a potion of lignification {unknown}
 o - 3 potions of haste {unknown}
 s - a potion of berserk rage {unknown}
 v - a potion of resistance {unknown}


   Skills:
 - Level 2.1 Fighting
 - Level 1.7 Throwing
 - Level 2.6 Dodging
 + Level 10.4 Unarmed Combat


You had 7 spell levels left.
You didn't know any spells.
Your spell library was empty.

Dungeon Overview and Level Annotations

Branches:
Dungeon (6/15)             Temple (1/1) D:5

Altars:
Ashenzari
Cheibriados
Dithmenos
Elyvilon
Fedhas
Gozag
Hepliaklqana
Kikubaaqudgha
Makhleb
Nemelex Xobeh
Okawaru
Qazlal
Ru
Sif Muna
Trog
Uskayaw
Vehumet
Wu Jian
Xom
Yredelemnul
Zin
The Shining One


Innate Abilities, Weirdness & Mutations

You thrive by killing the living.
You are immune to poison.
You have sharp fingernails.
Your flesh is cold resistant. (rC+)
You are immune to negative energy. (rN+++)
You do not regenerate when monsters are visible.
You are immune to unholy pain and torment.
You can survive without breathing.


Message History

The wight hits you with a +5 falchion.
You claw the wight! You claw the wight, but do no damage.
The wight is severely damaged.
The bullfrog hits you but does no damage.
You block the bullfrog's attack. The wight hits you but does no damage.
The wight hits you with a +5 falchion!
* * * LOW HITPOINT WARNING * * *
As you read the scroll of teleportation, it crumbles to dust.
You feel strangely unstable. The gnoll misses you.
You block the wight's attack. The wight closely misses you.
The wight hits you with a +5 falchion!
* * * LOW HITPOINT WARNING * * *
The howler monkey hoots and howls with incredible vigour!
You feel better. The wight barely misses you. The gnoll completely misses you.
The wight hits you but does no damage. The wight hits you with a +5 falchion.
* * * LOW HITPOINT WARNING * * *
The gnoll hits you from afar with a +0 spear.
* * * LOW HITPOINT WARNING * * *
The howler monkey hits you.
You die...

... ...... ...... ......
......#####.........
.......h@##......... .....
......zz.##.........
...............zz# .........
..............ggF# .........
... ...........gg# #........
#.###............###.g......
#.##.............#..g.......
..##....#...................
..#.....#.........!.........


You could see a bullfrog, a howler monkey, 4 wights and 4 gnolls.

Vanquished Creatures
  Grinder (D:5)
  A phantom (D:5)
  An ogre (D:4)
  A centaur (D:6)
  A howler monkey (D:4)
  2 hounds (D:4)
  2 jellies
  An orc wizard (D:3)
  4 worker ants
  A howler monkey skeleton (D:6)
  6 adders
  3 white imps
  3 oozes
  4 worms
  A dart slug (D:2)
  4 leopard geckos
  8 orcs
  A ball python (D:2)
  8 giant cockroaches
  7 goblins
  8 hobgoblins
  16 jackals
  3 quokkas
  4 bats (D:1)
  4 frilled lizards
  6 kobolds
  2 rats
103 creatures vanquished.

Vanquished Creatures (others)
  An orc wizard (D:3)
  A plant (D:5)
2 creatures vanquished.

Grand Total: 105 creatures vanquished

Notes
Turn   | Place    | Note
-------+----------+-------------------------------------------
     0 | D:1      | HoaS the Ghoul Gladiator began the quest for the Orb.
     0 | D:1      | Reached XP level 1. HP: 17/17 MP: 0/0
    61 | D:1      | Reached XP level 2. HP: 21/24 MP: 1/1
    99 | D:1      | Reached skill level 4 in Unarmed Combat
   930 | D:1      | Reached XP level 3. HP: 29/29 MP: 2/2
  1030 | D:2      | Reached skill level 5 in Unarmed Combat
  1089 | D:2      | Reached XP level 4. HP: 35/36 MP: 3/3
  1256 | D:2      | Found a snail-covered altar of Cheibriados.
  1272 | D:2      | Found a transporter.
  1282 | D:2      | Found a transporter.
  1357 | D:2      | Found a faded altar of an unknown god.
  1473 | D:2      | Reached skill level 6 in Unarmed Combat
  1475 | D:2      | Reached XP level 5. HP: 37/41 MP: 4/4
  1587 | D:3      | Found a shimmering blue altar of Sif Muna.
  1882 | D:3      | Noticed an air elemental
  1884 | D:3      | Found a stormy altar of Qazlal.
  1886 | D:3      | Noticed a water elemental
  1886 | D:3      | Noticed a fire elemental
  2139 | D:4      | Reached skill level 7 in Unarmed Combat
  2205 | D:4      | Reached XP level 6. HP: 48/48 MP: 5/5
  2588 | D:4      | Found a glowing silver altar of Zin.
  2677 | D:4      | Reached skill level 8 in Unarmed Combat
  2693 | D:4      | Found an iron altar of Okawaru.
  2755 | D:4      | Reached XP level 7. HP: 53/55 MP: 6/6
  2984 | D:5      | Entered Level 5 of the Dungeon
  2984 | D:5      | Noticed Grinder
  3132 | D:5      | Found a staircase to the Ecumenical Temple.
  3182 | Temple   | Entered the Ecumenical Temple
  3275 | Temple   | Became a worshipper of Makhleb the Destroyer
  3300 | D:5      | Paralysed by Grinder for 6 turns
  3309 | D:5      | Killed Grinder
  3310 | D:5      | Reached skill level 9 in Unarmed Combat
  3371 | D:5      | Found a blossoming altar of Fedhas.
  3574 | D:5      | Reached skill level 10 in Unarmed Combat
  3604 | D:6      | Reached XP level 8. HP: 61/61 MP: 7/7
  3692 | D:6      | HP: 3/61 [wight/+5 falchion (11)]
  3694 | D:6      | Slain by a howler monkey

Illustrated notes

Levels and vault maps discovered:
D:1:      minmay_arrival_plants_in_alcoves, layout_basic, serial_forest,
          infiniplex_forest_lined_corner, infiniplex_forest_straight_2,
          infiniplex_forest_lined_4_way, infiniplex_forest_clump_medium
D:2:      layout_rooms, gammafunk_temple_overflow_arena,
          chequers_ecumenical_altar_simple, grunt_ministairs_7
D:3:      layout_basic, lemuel_round_altar, chequers_serial_rivers_micro_a,
          nrook_loot_triangle, nicolae_qazlal_style_of_elements
D:4:      layout_basic, okawaru_gym_becter, old_standard_altar,
          chequers_serial_rivers_large_a
D:5:      layout_cave_pools, lemuel_round_altar,
          minmay_temple_entry_gardened_gates, st_stairs_3, uniq_grinder
D:6:      layout_rooms, kennysheep_little_box
Temple:   lightli_temple_of_artemis

Skill      XL: |  1  2  3  4  5  6  7 |
---------------+----------------------+-----
Unarmed Combat | 4 5 6 7 8 10 | 10.4
Fighting       | |  2.1
Throwing       | |  1.7
Dodging        | |  2.6

Action                   |  1- 3 |  4- 6 |  7- 9 || total
-------------------------+-------+-------+-------++-------
Melee: Unarmed           |   108 |   171 |    76 ||   355
       Punch             |     3 |     2 |     3 ||     8
Evoke: Wand              |       |       |     1 ||     1
  Use: Scroll            |     2 |     8 |     3 ||    13
       Potion            |       |       |     1 ||     1
Armor: Leather armour    |    32 |    31 |    30 ||    93
Dodge: Dodged            |    98 |    86 |    47 ||   231
Block: Other             |       |    13 |    22 ||    35
       Reflection        |       |       |     1 ||     1
